 Dungeon Crawl Stone Soup version 0.31-a0-121-g1e386dd289 (webtiles) character file.

Game seed: 3125996575459694313

61 dialectric the Trooper (level 3, -2/29 HPs)
             Began as a Demonspawn Fighter on June 1, 2023.
             Slain by an orc wizard
             ... wielding a +4 dagger
              (5 damage)
             ... on level 3 of the Dungeon.
             The game lasted 00:01:42 (1374 turns).

dialectric the Trooper (Demonspawn Fighter)         Turns: 1374, Time: 00:01:42

Health: -2/29      AC:  6    Str: 18    XL:     3   Next: 83%
Magic:  3/3        EV:  9    Int:  9    God:
Gold:   106        SH:  4    Dex: 12    Spells: 2/2 levels left

rFire   . . .        e - +0 rapier
rCold   . . .        c - +0 buckler
rNeg    . . .        b - +0 scale mail
rPois   .            (no helmet)
rElec   .            (no cloak)
rCorr   .            (no gloves)
SInv    .            (no boots)
Will    .....        (no amulet) Stlth
                     (no ring)
HPRegen 0.24/turn    (no ring)
MPRegen 0.08/turn

%: no passive effects
@: no status effects
A: demonic guardian 1, demonic touch 1
a: no special abilities


You were on level 3 of the Dungeon.
You visited 1 branch of the dungeon, and saw 3 of its levels.

You collected 106 gold pieces.

Inventory:

Hand Weapons
 a - a +0 long sword
 e - a +0 rapier (weapon)
Missiles
 f - 6 poisoned darts (quivered)
Armour
 b - a +0 scale mail (worn)
 c - a +0 buckler (worn)
Scrolls
 g - 3 scrolls of identify {unknown}
 h - a scroll of immolation {unknown}
Potions
 d - a potion of might
 i - a potion of brilliance {unknown}


   Skills:
 + Level 3.3 Fighting
 + Level 0.5(1.5) Short Blades
 + Level 2.3 Long Blades
 + Level 3.2 Armour
 * Level 0.7 Dodging
 - Level 0.2 Stealth
 - Level 3.0 Shields


You had 2 spell levels left.
You didn't know any spells.
Your spell library was empty.

Dungeon Overview and Level Annotations

Branches:
Dungeon (3/15)

Altars:


Innate Abilities, Weirdness & Mutations

A weak demonic guardian rushes to your aid.
Your touch may inflict minor irresistible damage on your foes.


Message History

The orc wizard flickers and vanishes!
Deactivating autopickup; reactivate with Ctrl-A.
The orc hits you but does no damage. The orc hits you with a +0 flail.
You closely miss the orc.
The orc is lightly wounded.
Your iron imp hits the orc!
The orc dies!
Unknown command.
You barely miss the orc.
Your iron imp hits the orc.
The orc closely misses your iron imp.
You closely miss the orc.
The orc is severely wounded.
Your iron imp hits the orc!
The orc dies!
A ball python comes into view.
Items here: )) [[.
You completely miss something. Something hits you but does no damage.
Your iron imp completely misses something.
You hit something. Something hits you.
Your iron imp barely misses something.
You hit something but do no damage. Something hits you.
Your iron imp barely misses the ball python.
You hit something but do no damage.
You hear some strange, mumbled words.
Something tries to affect you, but you resist.
You block the ball python's attack. The ball python closely misses you.
Your iron imp hits the ball python!
The ball python dies!
Something hits you.
You closely miss something. Something hits you.
* * * LOW HITPOINT WARNING * * *
Unknown command.
You hit something but do no damage. Something hits you.
* * * LOW HITPOINT WARNING * * *
A demonic guardian appears!
You hit something.
Your iron imp disappears in a puff of smoke!
Something hits you.
* * * LOW HITPOINT WARNING * * *
You hit something. Something hits you.
You die...

#.# #.# ###.# ...#
##..# ##.####...####
......ยง.5)...+
#....{@.)#
#######..# ##.# #.#
#.# #+# ##.## #.#
####...### #.#####
#..).....# ##.##...
#.#....#.####...#.##


You could see a friendly iron imp (summoned).

Vanquished Creatures
  An adder (D:2)
  A dart slug (D:1)
  2 orcs (D:3)
  4 ball pythons
  2 bats (D:1)
  An endoplasm (D:3)
  6 giant cockroaches
  5 goblins (D:1)
  4 hobgoblins
  4 quokkas (D:1)
  3 frilled lizards (D:1)
  A kobold (D:1)
  4 rats
38 creatures vanquished.

Vanquished Creatures (collateral kills)
  2 orcs (D:3)
  A ball python (D:3)
  A kobold (D:1)
4 creatures vanquished.

Grand Total: 42 creatures vanquished

Notes
Turn   | Place    | Note
-------+----------+-------------------------------------------
     0 | D:1      | dialectric the Demonspawn Fighter began the quest for the
                  | Orb.
     0 | D:1      | Reached XP level 1. HP: 18/18 MP: 1/1
   191 | D:1      | Gained mutation: A weak demonic guardian rushes to your
                  | aid. [demonic ancestry]
   191 | D:1      | Reached XP level 2. HP: 23/24 MP: 2/2
   271 | D:1      | You fall into a shaft and drop 1 floor!
   559 | D:2      | Gained mutation: Your touch may inflict minor irresistible
                  | damage on your foes. [demonic ancestry]
   559 | D:2      | Reached XP level 3. HP: 13/29 MP: 3/3
  1374 | D:3      | Slain by an orc wizard

Illustrated notes

Levels and vault maps discovered:
D:1:      wheals_arrival_linesprint, layout_loops_ring
D:2:      layout_loops_cross, basic_altar, serial_co_window_serial,
          co_window_corner_a, co_window_paths_a, co_window_of_opportunity_a,
          co_window_of_opportunity_a, co_window_corner_a, co_window_broadway_b,
          co_window_broadway_c, co_window_of_opportunity_b,
          co_window_broadway_a, co_window_4corner_b, glass_columns_b,
          glass_columns_a, glass_columns_c, glass_columns_a, glass_columns_a,
          uniq_terence, uniq_sigmund
D:3:      layout_loops_corners, ebering_ghost_sewer_d, serial_shops, shop_coins,
          shop, shop

Skill      XL: |  1  2  3 |
---------------+----------+-----
Long Blades    | 2 |  2.3
Armour         | 3 |  3.2
Shields        | 3 |  3.0
Fighting       | |  3.3
Short Blades   | |  0.5
Dodging        | |  0.7
Stealth        | |  0.2

Action                     || total
---------------------------++-------
  Melee: Long sword        ||    62
         Rapier            ||    93
 Armour: Scale mail        ||    68
  Dodge: Dodged            ||    52
  Block: Buckler           ||    39

Table legend: (Time is in decaauts)
 A = Elapsed time spent in this place.
 B = Non-inter-level travel time spent in this place.
 C = Inter-level travel time spent in this place.
 D = Time resting spent in this place.
 E = Time spent auto-exploring this place.
 F = Levels seen in this place.
 G = Mean time per level.
                   A        B        C        D        E       F      G
               +--------+--------+--------+--------+--------+-----+--------+
         Total |   1411 |   1370 |     41 |      0 |   1030 |   3 |  470.3 |
       Dungeon |   1411 |   1370 |     41 |      0 |   1030 |   3 |  470.3 |
               +--------+--------+--------+--------+--------+-----+--------+

Top non-repeatable levels by time:
     D:1: 1037 daAuts
     D:2: 302 daAuts
     D:3: 72 daAuts
